AoeStats
← Tomate

Arena

509989907Analyzed
2v2 RM · 5d ago on Sep 28, 2026· 31m 46s· 4 players
Game mode
Random Map
Map size
Medium (4 player)
Population
200
Speed
Normal
Resources
Standard
Victory
Conquest
Starting age
Dark Age
Ending age
Imperial Age
RankedLock teamsTeams togetherTeam positionsShared explorationLock speedFull tech treeHidden civsTurbo modeCheats
Victory
Defeat
🇦🇷 Cumans · Argentina
1025
+14
🇺🇸 Bohemians · United States
996
+16
🇨🇱 Portuguese · Chile
980
-15
🇨🇱 Magyars · Chile
979
-15
Gurx
10:27 Feudal Age
17:07 Castle Age
19:43 Fervor
24:37 Scale Barding Armor
25:02 Forging
24:51 Horse Collar
24:58 Double-Bit Axe
26:18 Wheelbarrow
25:29 Town Watch
25:29 Loom
27:23 Chain Barding Armor
27:07 Heavy Plow
30:37 Imperial Age
29:16 Iron Casting
29:16 Bloodlines
zeOrangutan
4:00 Loom
10:58 Feudal Age
15:12 Castle Age
14:04 Double-Bit Axe
19:07 Redemption
Tomate
11:05 Feudal Age
15:19 Castle Age
13:20 Horse Collar
14:11 Double-Bit Axe
15:16 Scale Barding Armor
16:06 Bloodlines
17:08 Wheelbarrow
18:55 Bow Saw
20:35 Hand Cart
20:42 Pikeman
21:25 Town Watch
21:55 Husbandry
23:03 Scale Mail Armor
24:09 Chain Barding Armor
24:13 Heavy Plow
26:27 Gold Mining
29:04 Stone Mining
30:30 Light Cavalry
31:29 Thumb Ring
nnickk0
10:10 Feudal Age
11:05 Loom
14:00 Castle Age
12:30 Double-Bit Axe
12:47 Horse Collar
16:33 Bow Saw
17:20 Fervor
24:32 Heavy Plow
26:55 Wheelbarrow
25:45 Crossbowman
27:46 Fletching
27:56 Padded Archer Armor
28:22 Thumb Ring
Connection lost

Rejoining the realm…

Still unreachable

The connection could not be restored.

Session expired

The server has moved on; the page needs a fresh start.